Map: Ultralove LC

Players

Cybertron - Winner!

  • Race: Terran Terran

BabySwiss

  • Race: Zerg Zerg
  • League: Gold

VOD

Have the link to the VOD?

Description

Time

  • Played on: Nov. 4, 2024, 8:28 p.m.
  • Length: 22:34
Show
View Real Time Build Order
Export as new Build Order

Cybertron Terran - Winner!

Build Orders: Reaper Expand 

Get SALT Encoding   

  12  0:00  SCV  
  13  0:12  SCV  
  14  0:17  Supply Depot  
  14  0:24  SCV  
  15  0:38  SCV  
  15  0:39  Barracks  
  16  0:44  Refinery  
  16  0:51  SCV  
  17  1:03  SCV  
  18  1:15  SCV  
  19  1:28  Orbital Command  
  19  1:30  Reaper  
  20  1:40  Command Center  
  20  1:51  Supply Depot  
  20  1:54  SCV  
  21  2:02  Marine  
  21  2:04  Factory  
  21  2:08  SCV  
  23  2:13  Refinery  
  23  2:20  SCV  
  24  2:24  Barracks Reactor  
  24  2:32  SCV  
  25  2:44  SCV  
  26  2:53  Starport  
  26  2:54  Orbital Command  
  26  2:55  Refinery  
  26  2:56  SCV  
  26  3:08  SCV  
  26  3:11  Supply Depot  
  27  3:20  SCV  
  27  3:21  SCV  
  29  3:28  Hellion x2  
  29  3:32  SCV  
  34  3:34  Supply Depot, SCV  
  34  3:37  Fusion Core, Marine  
  36  3:45  SCV  
  36  3:47  SCV  
  38  3:50  Hellion x2  
  38  3:52  Starport Tech Lab  
  42  3:58  Supply Depot  
  42  4:02  SCV x2  
  43  4:14  SCV x2  
  43  4:16  Supply Depot  
  45  4:21  Marine  
  50  4:26  SCV  
  50  4:27  SCV  
  50  4:28  Weapon Refit  
  52  4:33  Battlecruiser  
  52  4:36  Hellion  
  56  4:40  SCV  
  56  4:43  Supply Depot  
  56  4:45  Hellion  
  59  4:46  SCV  
  59  4:55  Marine  
  54  5:15  Marine  
  54  5:16  Widow Mine x2  
  39  5:53  Marine, Hellion x2  
  39  5:54  Orbital Command  
  43  6:00  SCV  
  29  6:12  SCV  
  29  6:15  Hellion x2  
  34  6:24  SCV  
  35  6:26  Starport Tech Lab  
  35  6:35  SCV  
  35  6:37  SCV  
  41  6:47  Hellion x2, SCV  
  41  6:49  SCV  
  41  6:52  Supply Depot  
  43  6:56  Marine  
  43  6:59  SCV  
  43  7:01  SCV  
  46  7:14  Supply Depot, SCV x2, Battlecruiser  
  46  7:15  Supply Depot  
  52  7:21  Hellion  
  54  7:35  SCV x2  
  54  7:36  Hellion  
  58  7:37  Supply Depot x2  
  58  7:40  Command Center  
  58  7:44  Factory  
  58  7:53  SCV x2  
  58  7:55  Refinery  
  60  8:05  SCV x2  
  62  8:11  Hellion x2  
  64  8:30  SCV x2  
  64  8:31  Factory Tech Lab  
  64  8:32  Factory  
  66  8:42  SCV  
  67  8:56  SCV x2  
  67  8:57  Hellion x2  
  67  8:58  Siege Tank  
  76  9:08  SCV  
  77  9:17  Factory Tech Lab  
  77  9:18  Infernal Pre-Igniter  
  77  9:20  SCV x2  
  79  9:27  Hellion x2  
  77  9:32  Siege Tank, SCV x2  
  82  9:39  Siege Tank, Refinery  
  82  9:43  Refinery  
  82  9:44  SCV  
  86  9:49  SCV  
  87  9:56  SCV  
  87  10:01  SCV  
  87  10:03  Hellion x2  
  87  10:06  Orbital Command  
  92  10:09  SCV  
  92  10:13  SCV  
  92  10:21  SCV  
  93  10:25  SCV, Engineering Bay  
  94  10:30  Armory  
  94  10:32  Supply Depot  
  94  10:33  Cyclone, Siege Tank, Supply Depot, SCV, Hellion x2  
  105  10:37  SCV  
  105  10:40  Supply Depot  
  105  10:42  Supply Depot  
  106  10:54  Battlecruiser  
  112  10:57  Hellion x2, Supply Depot  
  102  11:13  Siege Tank, Hellion  
  107  11:18  Hellion  
  107  11:22  Hellion  
  107  11:23  Terran Vehicle And Ship Armor Level 1  
  105  11:34  Cyclone  
  105  11:36  Armory  
  108  11:40  Command Center  
  108  11:41  SCV x2  
  108  11:45  Siege Tank  
  113  11:47  Hellion x2  
  107  12:07  Hellion  
  107  12:08  Hellion  
  105  12:21  Hellion x2  
  107  12:29  Factory  
  107  12:31  Factory  
  107  12:32  Terran Vehicle Weapons Level 1  
  107  12:33  Factory  
  107  12:38  Siege Tank  
  107  12:39  Hellion  
  112  12:53  Siege Tank, Hellion  
  112  12:55  Battlecruiser  
  123  13:06  Hellion  
  125  13:16  Siege Tank  
  125  13:17  Hellion  
  125  13:18  Factory Tech Lab, Sensor Tower  
  125  13:19  Factory Tech Lab, Factory Reactor  
  130  13:20  Terran Vehicle And Ship Armor Level 2, Sensor Tower  
  130  13:26  Hellion  
  132  13:41  Hellion x2  
  130  13:57  Hellion  
  130  13:58  Cyclone, Siege Tank x2, Hellion  
  130  13:59  Banshee  
  146  14:07  Command Center  
  146  14:12  Hellion x2, Planetary Fortress  
  146  14:13  SCV x3  
  153  14:20  Supply Depot  
  153  14:21  Supply Depot  
  153  14:25  SCV  
  153  14:27  Hellion x2  
  153  14:30  Cyclone  
  155  14:32  Refinery x2  
  155  14:35  Thor  
  161  14:42  Thor  
  164  14:55  SCV x3  
  157  15:01  Thor  
  165  15:14  Hellion x3  
  165  15:15  Hellion, Battlecruiser  
  177  15:25  Thor  
  177  15:27  Thor  
  168  15:45  SCV x4  
  169  15:57  SCV x4  
  171  16:09  SCV  
  156  16:22  Thor x3  
  143  16:41  SCV x2  
  143  16:42  SCV  
  146  16:53  SCV x2  
  146  16:54  SCV  
  149  17:04  Command Center, Terran Vehicle Weapons Level 2  
  149  17:05  SCV, Terran Vehicle And Ship Armor Level 3  
  149  17:06  SCV x2  
  151  17:35  Orbital Command  
  151  17:38  SCV x3  
  151  17:41  Hellion x2, Thor  
  156  18:19  Orbital Command  
  141  18:30  SCV x3  
  141  18:31  SCV  
  145  18:36  Hellion x4  
  145  18:38  Siege Tank  
  145  18:39  Thor x2  
  168  18:41  Smart Servos  
  168  18:42  Mag-Field Accelerator, SCV x2  
  170  19:08  Supply Depot, SCV  
  171  19:30  Cyclone, Hellion, SCV x3  
  179  19:58  Thor  
  179  20:20  Supply Depot  
  179  20:36  Siege Tank, SCV x3  
  179  20:37  Hellion  
  179  20:42  Hellion x2, SCV x2  
  193  20:45  Command Center  
  193  20:48  SCV x2  
  195  20:52  Supply Depot  
  195  21:02  Supply Depot  
  195  21:13  Hellion x2, SCV  
  200  21:24  Siege Tank  
  200  21:30  SCV x3  
  200  21:31  Hellion x2  
  200  21:32  SCV  
  198  21:34  Thor  
  193  21:42  SCV  
  179  21:53  Hellion x2  
  179  21:54  Hellion  
  191  21:59  Hellion x2  
  195  22:05  SCV x2  
  195  22:06  SCV x3  
Show
View Real Time Build Order
Export as new Build Order

BabySwiss Zerg 

Build Orders: Hatch First 

Get SALT Encoding   

  12  0:00  Drone  
  13  0:12  Overlord  
  13  0:17  Drone  
  14  0:31  Drone x2  
  16  0:48  Hatchery  
  15  0:50  Drone  
  16  1:06  Spawning Pool  
  16  1:08  Extractor  
  16  1:10  Drone  
  15  1:14  Drone  
  16  1:25  Drone  
  17  1:26  Drone  
  17  1:32  Drone  
  19  1:42  Overlord  
  19  1:53  Queen  
  21  2:00  Queen  
  21  2:01  Drone  
  24  2:04  Drone  
  24  2:07  Zergling x2  
  26  2:13  Metabolic Boost  
  26  2:17  Drone  
  26  2:20  Drone  
  28  2:23  Drone  
  29  2:40  Drone x3  
  29  2:44  Drone  
  33  2:47  Extractor  
  33  2:51  Roach Warren  
  31  2:54  Overlord  
  31  3:14  Drone  
  31  3:15  Drone x8  
  40  3:29  Overlord x2  
  40  3:34  Roach x2  
  44  3:51  Roach  
  44  3:52  Roach x4  
  54  3:56  Roach  
  55  4:05  Roach, Overlord x3  
  57  4:11  Roach  
  59  4:21  Lair  
  59  4:24  Roach  
  59  4:25  Roach x3  
  59  4:29  Zergling x2  
  68  4:31  Zergling x2  
  68  4:38  Zergling x2  
  70  4:43  Zergling x2  
  71  4:51  Zergling x2  
  72  4:55  Ravager  
  72  4:58  Ravager  
  74  5:02  Ravager  
  74  5:28  Ravager x2  
  72  5:41  Queen x2  
  72  5:44  Spore Crawler x2  
  72  5:46  Spore Crawler  
  72  5:47  Spore Crawler  
  63  5:51  Hydralisk Den  
  52  6:10  Drone  
  52  6:11  Drone x3  
  44  6:13  Spore Crawler  
  44  6:17  Burrow  
  41  6:26  Hatchery  
  36  6:43  Queen  
  36  6:45  Hydralisk x5  
  36  6:46  Hydralisk  
  50  6:48  Zergling x12  
  56  7:02  Hatchery  
  56  7:04  Extractor, Hydralisk x2  
  55  7:21  Drone  
  55  7:22  Drone x3  
  54  7:48  Hydralisk x4  
  62  7:57  Drone  
  62  7:58  Drone  
  64  8:04  Drone x2  
  63  8:19  Drone x3  
  65  8:20  Queen x3  
  65  8:25  Drone x3  
  74  8:28  Drone  
  74  8:29  Drone x2  
  74  8:32  Muscular Augments  
  75  8:36  Hatchery  
  71  8:43  Spore Crawler  
  68  8:50  Hydralisk x4  
  74  8:56  Hydralisk  
  74  8:57  Hydralisk x3  
  80  9:13  Hydralisk  
  78  9:28  Hydralisk x4  
  78  9:34  Drone  
  78  9:35  Drone x3  
  78  9:36  Grooved Spines  
  78  9:37  Extractor  
  81  9:39  Overlord x3  
  81  9:40  Extractor  
  80  9:49  Drone  
  80  9:50  Drone x7  
  88  10:04  Hydralisk  
  82  10:19  Queen x3  
  82  10:20  Queen  
  88  10:26  Hydralisk  
  88  10:27  Hydralisk x3  
  96  10:30  Drone, Hydralisk  
  96  10:31  Drone x2  
  97  11:04  Drone x10  
  98  11:05  Drone x5  
  109  11:15  Drone x3  
  109  11:16  Drone x3  
  111  11:22  Drone  
  111  11:23  Drone x2  
  111  11:24  Queen  
  112  11:29  Overlord  
  112  11:30  Overlord x2  
  112  11:35  Extractor  
  112  11:37  Extractor  
  105  12:06  Zergling x2  
  105  12:07  Zergling x30  
  119  12:11  Drone x6  
  109  12:19  Hydralisk  
  109  12:20  Hydralisk x7  
  115  12:24  Drone x2  
  115  12:29  Spire  
  116  12:39  Hatchery  
  115  12:47  Hatchery  
  114  12:51  Hydralisk  
  114  12:52  Hydralisk x5  
  114  12:57  Drone x8  
  123  13:10  Drone  
  123  13:11  Drone x2  
  126  13:16  Overlord x5  
  126  13:17  Overlord  
  105  13:48  Mutalisk  
  105  13:49  Mutalisk x13  
  105  13:52  Mutalisk  
  135  14:10  Drone  
  135  14:11  Drone x8  
  144  14:57  Mutalisk  
  144  14:58  Mutalisk x12  
  144  14:59  Hydralisk  
  172  15:00  Hydralisk  
  173  15:07  Zergling x26  
  173  15:08  Zergling x4  
  183  15:15  Overlord  
  183  15:16  Overlord x5  
  150  15:41  Hydralisk  
  150  15:42  Hydralisk x11  
  157  16:42  Hydralisk x14  
  185  16:51  Extractor  
  185  16:52  Extractor  
  183  16:55  Hydralisk x3  
  183  16:57  Zergling x10  
  183  16:58  Zergling x8  
  198  17:03  Extractor  
  198  17:04  Extractor  
  194  17:29  Drone  
  196  17:30  Drone x2  
  196  17:31  Drone x3  
  174  18:32  Hydralisk x13  
  198  18:56  Evolution Chamber  
  198  18:59  Evolution Chamber  
  198  19:00  Evolution Chamber  
  198  19:02  Lurker Den  
  194  19:10  Infestation Pit  
  194  19:11  Drone x2  
  194  19:12  Drone x3  
  194  19:13  Drone  
  194  19:14  Drone  
  188  19:34  Corruptor x5  
  194  19:48  Spire, Hive  
  194  19:49  Zerg Melee Weapons Level 1, Zerg Missile Weapons Level 1, Zerg Ground Armor Level 1  
  190  19:57  Drone x10  
  190  19:58  Drone x3  
  185  20:17  Hatchery  
  196  20:25  Overseer  
  196  20:26  Overseer x3  
  196  20:31  Lurker  
  196  20:32  Lurker x2  
  199  21:03  Lurker  
  193  21:04  Lurker x7  
  190  21:40  Viper x3  
  177  21:52  Lurker x6  
  177  21:54  Lurker x2  
Tags
 
Add a new tag
Caveats
  • Supply blocks, unpowered buildings, or Contaminate may cause inaccurate times.
  • Supply counts are checked every 10 seconds.